 Dungeon Crawl Stone Soup version 0.24.0-13-gcf9b3192b9 (webtiles) character file.

Game seed: 13846110080196095395, levelgen mode: deterministic

484 PentaManta the Sneak (level 7, 0/40 HPs)
             Began as a Kobold Assassin on Nov 10, 2019.
             Killed from afar by an orc wizard (6 damage)
             ... with a puff of flame
             ... on level 4 of the Dungeon.
             The game lasted 00:11:26 (3309 turns).

PentaManta the Sneak (Kobold Assassin)              Turns: 3309, Time: 00:11:27

Health: 0/40       AC:  4    Str:  8    XL:     7   Next: 35%
Magic:  7/7        EV: 19    Int: 12    God:
Gold:   211        SH:  0    Dex: 19    Spells: 6/6 levels left

rFire    . . .     SeeInvis .   o - +2 dagger (venom)
rCold    . . .     Gourm    .   (shield restricted)
rNeg     . . .     Faith    .   b - +0 robe
rPois    .         Spirit   .   (no helmet)
rElec    .         Reflect  .   c - +1 cloak
rCorr    .         Harm     .   (no gloves)
MR       .....                  (no boots)
Stlth    ++++......             s - amulet of regeneration
HPRegen  0.53/turn              (no ring)
MPRegen  0.10/turn              (no ring)

@: hasted, very quick
A: small, carnivore
a: no special abilities


You were on level 4 of the Dungeon.
You were not hungry.

You visited 1 branch of the dungeon, and saw 4 of its levels.

You collected 211 gold pieces.

Inventory:

Hand Weapons
 a - a +2 dagger
 o - a +2 dagger of venom (weapon)
 r - a +0 short sword
 F - the +5 mace of Instant Death {pain, Stlth+, unknown}
   (You found it on level 4 of the Dungeon)

   In the hands of one skilled in necromantic magic, it inflicts extra damage on
   living creatures.
   It makes you more stealthy.
Missiles
 d - 7 poisoned darts (quivered)
 e - 2 curare-tipped darts
 g - 4 atropa-tipped darts
Armour
 b - a +0 robe (worn)
 c - a +1 cloak (worn)
 l - a +0 ring mail
 u - a +0 chain mail
Jewellery
 n - an uncursed ring of protection from cold {unknown}
 s - an amulet of regeneration (around neck)
 v - a +4 ring of dexterity {unknown}
 B - a +3 ring of slaying {unknown}
 E - an uncursed amulet of rage {unknown}
Wands
 w - a wand of enslavement (7)
Scrolls
 h - a scroll of fear
 q - 3 scrolls of blinking
 x - 2 scrolls of fog {unknown}
 y - 2 scrolls of enchant armour
 z - a scroll of amnesia
 D - a scroll of magic mapping
Potions
 i - 3 potions of berserk rage
 k - 3 potions of curing {unknown}
 m - a potion of brilliance
 p - 2 potions of agility {unknown}
 t - a potion of invisibility {unknown}
 C - a potion of mutation {unknown}
Comestibles
 f - 6 rations


   Skills:
 - Level 2.1 Fighting
 * Level 6.3 Short Blades
 - Level 2.1 Throwing
 * Level 5.6 Dodging
 + Level 7.1 Stealth


You had 6 spell levels left.
You didn't know any spells.
Your spell library contained the following spells:

 Spells                   Type           Power        Failure   Level  Hunger
 Corona                   Hex            #......      32%         1    ##.....
 Ensorcelled Hibernation  Hex/Ice        #.....       45%         2    ###....
 Confuse                  Hex            #.......     69%         3    ####...
 Dazzling Spray           Conj/Hex       #.....       69%         3    ####...
 Tukima's Dance           Hex            #.......     69%         3    ####...


Dungeon Overview and Level Annotations

Branches:
Dungeon (4/15)
 Temple: D:4-7

Altars:


Innate Abilities, Weirdness & Mutations

You are small and have problems with some larger weapons.
You are carnivorous and can eat meat at any time.


Message History

The orc hits you but does no damage.
An orc comes into view.
The orc wizard mumbles some strange words.
The orc wizard seems to speed up.
The orc hits you but does no damage.
The orc wizard gestures wildly while chanting.
The orc wizard flickers and vanishes!
Deactivating autopickup; reactivate with Ctrl-A.
The orc hits you but does no damage.
The orc priest miscasts a cantrip.
The orc priest mumbles some strange prayers to Beogh against you.
Beogh smites you!
* * * LOW HITPOINT WARNING * * *
You feel yourself speed up. The orc closely misses you.
A puff of flame appears from out of thin air!
The puff of flame hits you!
* * * LOW HITPOINT WARNING * * *
A puff of flame appears from out of thin air!
The puff of flame hits you.
You die...

#......#..o.#.....#......
########o...#.....#.....[
#.....#.....#>.....
#.....#.....#......
#.....#....##......
#.....#....########
#.....#............
#######....#............
#....##@...#............
#..........#....##....##
#..........#....#####'##
#....(.....#............
#....##....#..<.........
#######.)..#............
#..........#....###'####
#..........#....##....##
#..........'............


You could see an orc.

Vanquished Creatures
  Edmund (D:4)
  Blork the orc (D:4)
  A howler monkey (D:4)
  A hound (D:4)
  A worker ant (D:4)
  An orc wizard (D:3)
  8 adders
  2 oozes (D:2)
  4 worms
  3 dart slugs (D:2)
  4 leopard geckos
  4 orcs (D:3)
  2 ball pythons
  5 giant cockroaches
  6 goblins
  13 hobgoblins
  3 jackals (D:1)
  7 kobolds
  3 quokkas
  9 bats
  4 frilled lizards
  A quokka skeleton (D:4)
  5 rats
89 creatures vanquished.

Notes
Turn   | Place    | Note
-------+----------+-------------------------------------------
     0 | D:1      | PentaManta the Kobold Assassin began the quest for the Orb.
     0 | D:1      | Reached XP level 1. HP: 12/12 MP: 1/1
   115 | D:1      | Reached XP level 2. HP: 17/17 MP: 2/2
   604 | D:1      | Reached XP level 3. HP: 14/21 MP: 3/3
  1564 | D:2      | Reached XP level 4. HP: 26/26 MP: 4/4
  1639 | D:2      | Reached skill level 6 in Stealth
  1835 | D:2      | Reached XP level 5. HP: 30/30 MP: 5/5
  2319 | D:3      | Found a faded altar of an unknown god.
  2446 | D:3      | Reached XP level 6. HP: 35/35 MP: 6/6
  2526 | D:3      | Reached skill level 5 in Short Blades
  2644 | D:4      | Noticed Blork the orc
  2648 | D:4      | Killed Blork the orc
  2717 | D:4      | Reached skill level 5 in Dodging
  2756 | D:4      | Noticed Edmund
  2922 | D:4      | Got an ancient mace
  2961 | D:4      | Killed Edmund
  2961 | D:4      | Reached skill level 7 in Stealth
  2961 | D:4      | Reached XP level 7. HP: 30/40 MP: 7/7
  3309 | D:4      | Killed from afar by an orc wizard

Levels and vault maps discovered:
D:1:      minmay_arrival_split_and_join, layout_basic,
          minmay_misc_feat_more_columns
D:2:      layout_rooms, first_ration, minmay_pentomino_q2
D:3:      layout_rooms, chequers_ecumenical_altar_simple_redux
D:4:      layout_gridville, uniq_blork_the_orc, uniq_edmund

Skill      XL: |  1  2  3  4  5  6 |
---------------+-------------------+-----
Short Blades   | 3 4 6 |  6.3
Dodging        | 2 3 4 5 |  5.6
Stealth        | 6 7 |  7.1
Fighting       | |  2.1
Throwing       | |  2.1

Action                   |  1- 3 |  4- 6 |  7- 9 || total
-------------------------+-------+-------+-------++-------
Melee: Dagger            |   112 |   135 |    10 ||   257
Throw: Dart              |       |     4 |       ||     4
  Use: Scroll            |     5 |     7 |     2 ||    14
       Potion            |       |       |     1 ||     1
 Stab: Sleeping          |     9 |    17 |     1 ||    27
       Distracted        |       |     2 |       ||     2
  Eat: Chunk             |     6 |     4 |       ||    10
Armor: Robe              |    25 |    12 |     2 ||    39
Dodge: Dodged            |    81 |    89 |     9 ||   179
